 Dungeon Crawl Stone Soup version 0.23.0 (webtiles) character file.

Game seed: 13087398496650133829

1444 vishdafish the Ruffian (level 8, -4/117 HPs)
             Began as a Troll Warper on Feb 16, 2019.
             Was a Follower of Nemelex Xobeh.
             Slain by an orc
             ... wielding a +0 flail
              (6 damage)
             ... on level 6 of the Dungeon.
             The game lasted 00:09:53 (3399 turns).

vishdafish the Ruffian (Troll Warper)               Turns: 3399, Time: 00:09:54

Health: -4/117     AC: 24    Str: 20    XL:     8   Next: 46%
Magic:  10/10      EV:  1    Int: 11    God:    Nemelex Xobeh [*.....]
Gold:   429        SH:  0    Dex:  9    Spells: 9/11 levels left

rFire    . . .     SeeInvis +     - Unarmed
rCold    + . .     Gourm    +   (no shield)
rNeg     + + +     Faith    .   (armour currently unavailable)
rPois    +         Spirit   .   (helmet currently unavailable)
rElec    .         Reflect  .   (cloak currently unavailable)
rCorr    .         Harm     .   (gloves unavailable)
MR       .....     NoTele   +   (boots unavailable)
Stlth    +.........             (no amulet)
HPRegen  1.09/turn              b - ring of protection from cold
MPRegen  0.12/turn              (no ring)

@: tree-form
A: large, unfitting armour, see invisible, fast metabolism 3, gourmand,
regeneration 2
a: Draw Escape, Draw Destruction, Draw Summoning, Renounce Religion


You were on level 6 of the Dungeon.
You worshipped Nemelex Xobeh.
Nemelex Xobeh was aware of your devotion.
You were not hungry.
You were a tree.
You visited 1 branch of the dungeon, and saw 6 of its levels.

You collected 429 gold pieces.

Inventory:

Missiles
 d - 2 tomahawks of dispersal (quivered)
 o - 5 tomahawks
 q - 4 exploding tomahawks
Armour
 a - a +0 robe (melded)
 i - a +1 cloak (melded)
Jewellery
 b - a ring of protection from cold (left branch)
Wands
 g - a wand of random effects (25)
 r - a wand of flame (3)
 y - a wand of disintegration (4)
Scrolls
 c - 3 scrolls of blinking
 h - 4 scrolls of teleportation
 j - 2 scrolls of fear {unknown}
 l - a scroll of amnesia
 n - a scroll of enchant armour {unknown}
 p - 4 scrolls of remove curse
 t - 2 scrolls of magic mapping
 v - a scroll of enchant weapon {unknown}
 w - a scroll of random uselessness {unknown}
Potions
 e - 2 potions of flight
 k - 2 potions of curing
 m - a potion of brilliance
 s - a potion of invisibility
 x - a potion of resistance {unknown}
 z - a potion of might
 A - a potion of mutation
Comestibles
 f - 14 rations


   Skills:
 + Level 4.0 Fighting
 + Level 4.0 Throwing
 - Level 1.9 Dodging
 * Level 6.6 Unarmed Combat
 - Level 2.3 Spellcasting
 - Level 2.1 Translocations
 * Level 3.7 Invocations


You had 9 spell levels left.
You knew the following spells:

 Your Spells              Type           Power        Failure   Level  Hunger
a - Blink                 Tloc           N/A          17%         2    ###....

Your spell library contained the following spells:

 Spells                   Type           Power        Failure   Level  Hunger
 Shroud of Golubria       Chrm/Tloc      #.........   26%         2    ###....
 Gell's Gravitas          Tloc           #.........   34%         3    ####...
 Lesser Beckoning         Tloc           #.........   34%         3    ####...
 Teleport Other           Tloc           #.......     34%         3    ####...
 Passage of Golubria      Tloc           N/A          75%         4    #####..


Dungeon Overview and Level Annotations

Branches:
Dungeon (6/15)
 Temple: D:4-7

Altars:
Ashenzari
Hepliaklqana
Nemelex Xobeh
Xom


Innate Abilities, Weirdness & Mutations

You are too large for most types of armour.
((You have claws for hands.))
Your metabolism is lightning-fast.
You like to eat raw meat.
You heal very quickly.
((You are covered in fur. (AC +1)))
((You have extremely tough skin. (AC +3)))
((You are partially covered in iridescent scales. (AC +2)))
You have supernaturally acute eyesight. (SInv)
((You can translocate small distances at will.))
((Armour fits poorly on your strangely shaped body.))


Message History

The quokka bites you but does no damage.
The orc warrior hits you with a +0 flail.
* * * LOW HITPOINT WARNING * * *
The orc hits you but does no damage.
Your basilisk bites the quokka.
The quokka bites you.
* * * LOW HITPOINT WARNING * * *
Unknown command.
Evoke which item? (* to show all) (? for menu, Esc to quit)
Aiming: Disintegrate
Press: ? - help, Shift-Dir - straight line, f - orc warrior, p - orc
Aim: an orc warrior, wielding a +0 flail and wearing a +0 chain mail (severely wounded, chance to defeat MR: 65%)
The orc warrior is blasted!
The quokka bites you but does no damage.
The orc warrior hits you with a +0 flail.
* * * LOW HITPOINT WARNING * * *
Your basilisk bites the quokka!
The quokka dies!
The orc hits you with a +0 flail.
You die...
Your body disappears without a glow.

... #.. ... .# .. . ...
####)####.# ....
#..o......#
.....##.oo†.....# ......
.........♣Yl%...# ..8...
.....%%..v.(...%# #......
..........#...#..#..8.>..#
#....###.###..##.........#
#......#†##....##.......#
......†...##.............#
.............###......# .#
..#.....#............<#...
#.....##............#..#


You could see an orc warrior, an orc wizard, an orc, a friendly basilisk, a
friendly fire vortex and a friendly ice beast.

Vanquished Creatures
  A hippogriff (D:6)
  Menkaure (D:4)
  2 ogres
  A necrophage (D:6)
  A centaur (D:5)
  A bullfrog (D:4)
  A scorpion (D:5)
  3 orc priests
  4 hounds
  2 orc wizards (D:4)
  An iguana (D:5)
  5 worker ants
  2 worker ant zombies (D:5)
  3 adders
  3 oozes
  2 adder skeletons (D:4)
  5 worms
  3 leopard geckos
  13 orcs
  A ball python (D:1)
  3 bats (D:1)
  A giant cockroach (D:6)
  2 goblins
  7 hobgoblins
  A jackal (D:5)
  2 quokkas
  5 frilled lizards
  A giant cockroach zombie (D:6)
  6 kobolds
  4 rats
87 creatures vanquished.

Vanquished Creatures (collateral kills)
  Sigmund (D:3)
  A worker ant (D:3)
  4 orcs (D:3)
  A kobold (D:3)
  A quokka (D:6)
8 creatures vanquished.

Grand Total: 95 creatures vanquished

Notes
Turn   | Place    | Note
-------+----------+-------------------------------------------
     0 | D:1      | vishdafish the Troll Warper began the quest for the Orb.
     0 | D:1      | Reached XP level 1. HP: 19/19 MP: 1/1
    42 | D:1      | Reached skill level 1 in Throwing
   186 | D:1      | Reached XP level 2. HP: 28/28 MP: 3/3
   906 | D:2      | Reached XP level 3. HP: 35/35 MP: 4/4
   914 | D:2      | Found a sparkling altar of Nemelex Xobeh.
   918 | D:2      | Became a worshipper of Nemelex Xobeh the Trickster
   947 | D:2      | Received a gift from Nemelex Xobeh
  1148 | D:3      | Noticed Sigmund
  1165 | D:3      | Reached skill level 3 in Unarmed Combat
  1166 | D:3      | Killed Sigmund
  1166 | D:3      | Reached XP level 4. HP: 23/44 MP: 5/5
  1166 | D:3      | Reached XP level 5. HP: 26/50 MP: 6/6
  1235 | D:3      | Learned a level 2 spell: Blink
  1342 | D:3      | Reached skill level 4 in Unarmed Combat
  1627 | D:4      | Reached XP level 6. HP: 51/59 MP: 8/8
  1655 | D:4      | Found a shattered altar of Ashenzari.
  1884 | D:4      | Reached * piety under Nemelex Xobeh
  1886 | D:4      | Received a gift from Nemelex Xobeh
  1931 | D:4      | Reached skill level 5 in Unarmed Combat
  2140 | D:4      | Gained mutation: You are weak. (Str -2) [potion of
                  | mutation]
  2140 | D:4      | Gained mutation: You can translocate small distances at
                  | will. [potion of mutation]
  2140 | D:4      | Gained mutation: You have a pair of small horns on your
                  | head. [potion of mutation]
  2140 | D:4      | Gained mutation: You have supernaturally acute eyesight.
                  | (SInv) [potion of mutation]
  2193 | D:4      | Found a hazy altar of Hepliaklqana.
  2284 | D:4      | Reached XP level 7. HP: 67/67 MP: 9/9
  2311 | D:4      | Reached skill level 1 in Invocations
  2345 | D:4      | Noticed Menkaure
  2348 | D:4      | Killed Menkaure
  2672 | D:5      | Entered Level 5 of the Dungeon
  2704 | D:5      | Found a shimmering altar of Xom.
  2715 | D:5      | Received a gift from Nemelex Xobeh
  3290 | D:5      | Reached skill level 6 in Unarmed Combat
  3290 | D:5      | Reached XP level 8. HP: 39/78 MP: 10/10
  3328 | D:5      | Lost mutation: You have a pair of small horns on your head.
                  | [potion of mutation]
  3328 | D:5      | Lost mutation: You are weak. (Str -2) [potion of mutation]
  3328 | D:5      | Gained mutation: Armour fits poorly on your strangely
                  | shaped body. [potion of mutation]
  3328 | D:5      | Gained mutation: You heal very quickly. [potion of
                  | mutation]
  3328 | D:5      | Gained mutation: You are partially covered in iridescent
                  | scales. (AC +2) [potion of mutation]
  3352 | D:6      | Noticed a hippogriff
  3363 | D:6      | Killed a hippogriff
  3393 | D:6      | HP: 3/78 [orc warrior/+0 flail (21)]
  3399 | D:6      | HP: 2/117 [orc warrior/+0 flail (6)]
  3399 | D:6      | Slain by an orc

Skill      XL: |  1  2  3  4  5  6  7  8 |
---------------+-------------------------+-----
Throwing       | 1 2 3 4 |  4.0
Fighting       | 2 3 4 |  4.0
Unarmed Combat | 3 4 5 6 |  6.6
Spellcasting   | 2 |  2.3
Invocations    | 2 3 |  3.7
Dodging        | |  1.9
Translocations | |  2.1

Action                   |  1- 3 |  4- 6 |  7- 9 || total
-------------------------+-------+-------+-------++-------
Melee: Unarmed           |   100 |   103 |    99 ||   302
       Punch             |     1 |     2 |     4 ||     7
       Headbutt          |       |     1 |    11 ||    12
Throw: Tomahawk          |     3 |       |       ||     3
 Abil: Draw Destruction  |     1 |       |     5 ||     6
       Draw Summoning    |     1 |       |     1 ||     2
Evoke: Wand              |       |       |    13 ||    13
  Use: Scroll            |     5 |     3 |     3 ||    11
       Potion            |     2 |     1 |     4 ||     7
 Stab: Sleeping          |     2 |       |       ||     2
  Eat: Chunk             |     4 |    12 |     7 ||    23
       Ration            |     1 |       |     1 ||     2
Armor: Robe              |    49 |    37 |    32 ||   118
       Skin              |    16 |       |     8 ||    24
Dodge: Dodged            |    53 |    58 |    59 ||   170
